Map: Catalyst LE

Players

Goldfist - Winner!

  • Race: Zerg Zerg
  • League: Diamond
  • Spawn Location: 11:00

Fresita

  • Race: Terran Terran
  • League: Diamond
  • Spawn Location: 5:00

VOD

Have the link to the VOD?

Description

Analysis with some decent memeage

Time

  • Played on: April 17, 2018, 10:43 p.m.
  • Length: 22:33
Show
View Real Time Build Order
Export as new Build Order

Goldfist Zerg - Winner!

Build Orders: Hatch First 

Get SALT Encoding   

  12  0:00  Drone  
  13  0:18  Overlord  
  13  0:19  Drone  
  14  0:37  Drone x2  
  17  0:42  Drone  
  17  0:56  Hatchery  
  16  0:59  Drone  
  16  1:02  Drone  
  18  1:05  Extractor  
  17  1:29  Drone x2  
  19  1:33  Spawning Pool  
  19  1:36  Drone  
  19  1:45  Overlord  
  19  2:06  Drone  
  19  2:07  Drone  
  21  2:11  Drone  
  22  2:21  Queen x2  
  26  2:24  Zergling x4  
  26  2:26  Metabolic Boost  
  28  2:33  Drone x2  
  30  2:39  Zergling x2  
  28  2:59  Queen  
  28  3:00  Queen  
  28  3:01  Drone x3  
  28  3:03  Overlord  
  35  3:15  Drone  
  35  3:17  Overlord  
  36  3:23  Drone x2  
  36  3:24  Drone  
  39  3:31  Drone x2  
  39  3:34  Drone x2  
  43  3:41  Lair  
  43  3:59  Drone x3  
  43  4:00  Hatchery, Drone  
  46  4:03  Drone  
  46  4:04  Extractor, Drone  
  46  4:05  Drone  
  48  4:11  Baneling Nest  
  48  4:12  Roach Warren  
  48  4:14  Drone  
  48  4:15  Drone  
  49  4:34  Zergling x6  
  51  4:52  Overlord x4, Baneling Nest  
  51  4:54  Glial Reconstitution  
  50  5:05  Drone  
  51  5:09  Drone x2, Queen x2, Evolution Chamber x2  
  51  5:13  Extractor, Drone x2  
  56  5:14  Drone x2  
  56  5:15  Extractor, Drone  
  56  5:17  Queen  
  41  6:04  Zergling x2  
  41  6:05  Drone x2, Zergling x4  
  41  6:06  Drone x3  
  41  6:07  Drone x6  
  41  6:08  Drone  
  55  6:13  Drone x2  
  55  6:15  Drone x3  
  55  6:16  Drone  
  61  6:23  Zerg Missile Weapons Level 1  
  61  6:43  Drone x2  
  61  6:44  Drone x6  
  69  6:47  Roach x2  
  69  6:48  Roach x4  
  69  6:51  Centrifical Hooks  
  81  6:56  Drone  
  81  6:57  Infestation Pit  
  81  6:58  Drone  
  81  6:59  Drone  
  83  7:11  Queen  
  83  7:15  Zerg Ground Armor Level 1  
  85  7:16  Roach x2  
  85  7:17  Overlord  
  85  7:18  Overlord  
  85  7:21  Overseer  
  89  7:24  Pneumatized Carapace  
  89  7:27  Drone  
  90  7:30  Extractor  
  90  7:32  Extractor, Drone x2  
  90  7:41  Roach x2  
  90  7:42  Roach x6  
  96  7:58  Roach x3  
  84  7:59  Roach x7  
  102  8:11  Roach x6  
  106  8:19  Roach  
  104  8:20  Roach x2  
  104  8:22  Roach  
  98  8:31  Drone  
  98  8:32  Drone x3  
  100  8:36  Zerg Missile Weapons Level 2  
  100  8:39  Hydralisk Den  
  100  8:40  Drone  
  100  8:42  Drone x3  
  100  8:44  Queen  
  100  8:46  Extractor  
  100  8:47  Queen  
  106  8:49  Overlord  
  106  8:50  Overlord  
  106  9:06  Overlord x2  
  106  9:07  Overlord  
  106  9:10  Muscular Augments  
  106  9:13  Drone  
  106  9:14  Drone x2  
  109  9:17  Overseer  
  109  9:18  Hatchery  
  108  9:33  Zergling x6  
  108  9:34  Zergling x8  
  109  9:46  Hive  
  109  9:56  Hydralisk  
  109  9:57  Hydralisk x10  
  131  10:09  Extractor  
  131  10:10  Overlord x4  
  131  10:12  Extractor  
  128  10:21  Grooved Spines  
  114  10:39  Roach x3  
  98  11:05  Drone x3  
  98  11:06  Drone x3  
  98  11:11  Hatchery  
  103  11:18  Ultralisk Cavern  
  103  11:23  Drone x3  
  105  11:30  Drone x3  
  105  11:32  Viper x3  
  117  11:50  Spire, Drone  
  117  11:51  Drone x8  
  117  11:52  Overlord x3  
  125  12:10  Hatchery  
  125  12:12  Chitinous Plating  
  125  12:14  Ultralisk x3  
  125  12:15  Ultralisk  
  148  12:23  Overseer  
  148  12:31  Hydralisk x5  
  158  12:40  Hydralisk x3  
  158  12:41  Hydralisk  
  166  12:44  Hydralisk  
  166  12:46  Zergling x8  
  166  12:48  Zergling x2  
  166  12:50  Drone x2  
  175  12:52  Drone  
  175  12:53  Zergling x4  
  166  13:25  Hydralisk x2  
  166  13:26  Hydralisk x3  
  139  13:28  Ultralisk x2  
  139  13:29  Ultralisk  
  139  13:31  Zergling x2  
  139  13:32  Zergling x10  
  147  13:40  Queen  
  147  13:41  Drone x6  
  155  13:54  Ultralisk  
  155  13:55  Ultralisk  
  157  14:04  Baneling  
  157  14:05  Baneling x11  
  157  14:12  Ultralisk  
  157  14:16  Queen  
  163  14:19  Drone  
  163  14:20  Drone x5  
  171  14:29  Viper  
  180  14:31  Ultralisk  
  180  14:32  Zergling x4  
  182  14:57  Hydralisk  
  182  14:58  Hydralisk x5  
  175  15:11  Hydralisk x3  
  175  15:13  Zergling x8  
  162  15:16  Infestor x3  
  146  15:30  Hydralisk  
  146  15:31  Hydralisk x3  
  144  15:37  Viper  
  144  15:38  Viper  
  144  15:41  Hydralisk x3  
  146  15:43  Hydralisk x2  
  146  15:45  Zergling x2  
  146  15:46  Zergling x12  
  157  15:52  Viper  
  160  16:08  Ultralisk  
  166  16:16  Extractor, Drone x3  
  166  16:17  Drone x4  
  166  16:18  Extractor  
  168  16:35  Ultralisk  
  117  17:02  Hydralisk x7  
  117  17:04  Ultralisk x3  
  149  17:30  Extractor  
  149  17:31  Drone  
  149  17:32  Drone x4  
  149  17:33  Drone  
  149  17:34  Queen  
  149  17:37  Hydralisk x9  
  156  17:41  Hatchery  
  156  17:42  Extractor  
  172  17:49  Hydralisk  
  172  17:50  Overlord  
  172  17:51  Overlord x4  
  170  18:05  Hydralisk  
  164  18:06  Hydralisk x4  
  164  18:08  Zergling x2  
  164  18:09  Zergling x12  
  181  18:26  Zergling x8  
  181  18:27  Zergling x10  
  184  18:45  Hydralisk  
  184  18:46  Hydralisk x7  
  168  19:32  Corruptor  
  168  19:33  Corruptor x14  
  186  19:57  Hydralisk x4  
  186  19:58  Hydralisk x3  
Show
View Real Time Build Order
Export as new Build Order

Fresita Terran 

Build Orders: Reaper Expand, Bio Tank 

Get SALT Encoding   

  12  0:01  SCV  
  13  0:13  SCV  
  14  0:18  Supply Depot  
  14  0:27  Refinery  
  14  0:28  SCV  
  15  0:42  Barracks  
  15  0:45  SCV  
  16  0:57  SCV  
  17  1:10  SCV  
  18  1:31  Factory  
  18  1:34  Reaper  
  18  1:38  Command Center  
  19  1:48  Refinery  
  19  1:55  Orbital Command  
  19  2:07  Factory  
  19  2:14  Barracks Reactor  
  19  2:21  Supply Depot  
  19  2:24  SCV  
  20  2:54  Marine x2  
  20  2:56  Widow Mine  
  20  2:57  Orbital Command  
  24  3:03  SCV  
  24  3:13  Starport  
  24  3:15  SCV, Marine  
  24  3:17  Widow Mine  
  24  3:19  Orbital Command  
  28  3:30  Marine  
  28  3:31  SCV  
  30  3:35  Marine  
  30  3:38  Factory Tech Lab  
  31  3:43  SCV  
  31  3:46  SCV  
  31  3:48  Marine  
  34  3:52  Marine, Medivac  
  37  3:56  Supply Depot  
  37  3:57  SCV  
  38  4:03  Siege Tank  
  38  4:04  SCV  
  38  4:05  Liberator  
  42  4:20  SCV, Barracks  
  42  4:22  SCV  
  47  4:43  Siege Tank  
  47  4:44  SCV  
  47  4:45  SCV  
  52  4:46  Marine x2  
  54  4:55  Refinery  
  54  4:56  Refinery  
  54  5:01  Supply Depot x2  
  54  5:23  SCV x2  
  54  5:40  Siege Tank  
  57  5:46  Marine x3  
  57  5:49  SCV x2  
  57  6:03  Marine  
  52  6:11  Starport Reactor  
  52  6:12  Siege Tank, Barracks Tech Lab  
  52  6:14  SCV  
  52  6:15  SCV, Barracks  
  57  6:22  Marine  
  57  6:23  Engineering Bay, Supply Depot, Marine  
  57  6:25  Supply Depot  
  59  6:26  SCV  
  59  6:27  SCV  
  59  6:31  Stimpack, Marine  
  62  6:38  SCV  
  62  6:39  SCV  
  64  6:42  Marine x2  
  66  6:47  Medivac x2  
  66  6:50  SCV  
  66  6:51  Terran Infantry Weapons Level 1, SCV  
  72  6:55  Engineering Bay, Siege Tank  
  72  6:56  Armory  
  72  6:59  Supply Depot x2  
  72  7:00  Marine x2  
  77  7:03  SCV x2  
  79  7:11  Barracks Tech Lab  
  79  7:14  Command Center  
  79  7:17  SCV x2  
  81  7:24  Terran Infantry Armor Level 1  
  81  7:26  Marine x3  
  81  7:29  Missile Turret  
  84  7:44  Marine x2  
  85  7:48  Marine x2  
  78  8:01  Marine  
  78  8:02  Marine  
  80  8:05  Marine  
  80  8:06  Siege Tank, Marine  
  85  8:19  Marine x2  
  81  8:23  Marine x2  
  72  8:36  SCV x2  
  72  8:37  Marine x2  
  72  8:38  Siege Tank  
  79  8:41  Marine x2  
  79  8:43  Barracks  
  79  8:44  Barracks  
  79  8:46  Supply Depot  
  81  8:49  Medivac x2  
  81  8:50  SCV  
  81  8:51  SCV  
  81  8:55  Marine  
  88  8:57  Terran Vehicle Weapons Level 1  
  88  8:59  Armory  
  88  9:02  Terran Infantry Weapons Level 2  
  88  9:03  SCV x2  
  88  9:04  Marine x2  
  88  9:05  Marauder, Factory  
  88  9:06  Planetary Fortress  
  94  9:10  Siege Tank  
  97  9:21  Supply Depot  
  97  9:22  Marauder, Marine x2  
  97  9:23  Combat Shield  
  100  9:26  Marauder  
  98  9:43  Siege Tank  
  101  9:50  Marauder x2, Marine x2  
  101  9:51  Barracks Tech Lab x2  
  107  9:56  Medivac x2  
  107  9:57  SCV x2  
  113  10:00  SCV  
  114  10:07  Marine  
  114  10:09  SCV x2  
  114  10:13  SCV  
  118  10:15  Marauder, Siege Tank  
  118  10:16  Marauder  
  118  10:21  SCV  
  116  10:37  Marauder x2  
  99  10:54  Marine  
  99  10:55  Marine  
  93  10:57  Siege Tank  
  93  10:58  Marauder  
  93  10:59  Factory Tech Lab  
  93  11:00  Terran Vehicle Weapons Level 2  
  93  11:01  Terran Vehicle And Ship Armor Level 1  
  93  11:03  Armory  
  98  11:05  SCV x3  
  98  11:06  Barracks  
  100  11:12  Refinery x2  
  100  11:16  Command Center  
  100  11:17  SCV x3  
  103  11:21  Marine x4  
  103  11:22  Marine x2  
  109  11:28  Supply Depot x2  
  109  11:29  SCV x3  
  109  11:31  Siege Tank, Supply Depot  
  115  11:33  Terran Infantry Weapons Level 3  
  115  11:36  Supply Depot  
  115  11:39  Marine x5  
  119  11:41  SCV  
  121  11:49  SCV x2  
  121  11:50  Marine  
  121  11:52  Siege Tank  
  121  11:53  SCV  
  128  11:55  Terran Ship Weapons Level 1  
  128  11:57  Marine x3  
  128  12:01  Marine x2  
  133  12:03  Barracks Reactor  
  133  12:07  Siege Tank  
  133  12:08  Marine  
  137  12:14  Marine  
  137  12:15  Marine x2  
  140  12:18  Marine  
  141  12:24  Siege Tank  
  141  12:25  Marine  
  141  12:26  Marine  
  146  12:31  Orbital Command  
  146  12:32  Marine x2  
  146  12:33  SCV  
  146  12:34  SCV x2  
  146  12:35  Missile Turret  
  151  12:40  Siege Tank  
  151  12:44  Marine x4  
  158  12:53  SCV x2  
  158  12:54  SCV  
  158  12:55  Supply Depot  
  158  12:56  Siege Tank  
  164  12:59  Unknown  
  164  13:12  Siege Tank  
  160  13:23  Marine x2  
  160  13:24  Marine x5  
  98  13:37  Siege Tank  
  101  13:41  Marine x2  
  101  13:43  Marauder x3  
  101  13:44  Marauder, Siege Tank, Marine x2  
  115  13:52  Terran Vehicle And Ship Armor Level 2, Terran Vehicle Weapons Level 3  
  115  13:53  Terran Ship Weapons Level 2  
  115  13:57  Medivac x2  
  115  13:59  Marine  
  115  14:01  Factory  
  120  14:05  Marauder  
  120  14:09  Siege Tank  
  125  14:10  Orbital Command  
  125  14:19  Siege Tank  
  125  14:22  Marauder x3, Marine x2  
  125  14:23  Marine x2  
  138  14:25  Marine  
  138  14:31  Medivac x2  
  143  14:34  SCV  
  143  14:35  SCV x2  
  146  14:42  Marine x4  
  146  14:43  Siege Tank, Marine  
  146  14:44  Marauder x2  
  158  14:45  Terran Infantry Armor Level 2  
  158  14:46  SCV  
  158  14:49  Factory Tech Lab  
  158  14:51  Siege Tank  
  159  14:53  Refinery  
  159  14:57  Refinery  
  121  15:15  Medivac x2  
  108  15:29  Marine x2  
  108  15:30  Marine x6  
  100  15:41  SCV x3  
  103  15:47  Marine x4  
  103  15:48  Marine x4  
  111  15:53  SCV x3  
  114  16:05  SCV, Marine x5  
  114  16:10  Marine x3  
  123  16:23  Marine  
  124  16:27  Command Center  
  101  16:49  Marine x6  
  101  16:50  Marine x2  
  91  17:06  Siege Tank x3  
  91  17:07  Marine x7  
  91  17:08  Marine  
  100  17:20  Terran Vehicle And Ship Armor Level 3  
  100  17:24  Terran Infantry Armor Level 3, Marine  
  101  17:38  Siege Tank x3  
  110  17:46  Planetary Fortress  
  110  17:50  SCV x3  
  105  18:02  SCV  
  96  18:06  Marine x5  
  96  18:07  Marauder x3  
  99  18:24  Marine x4  
Tags
 
Add a new tag
Caveats
  • Supply blocks, unpowered buildings, or Contaminate may cause inaccurate times.
  • Supply counts are checked every 10 seconds.